 Dungeon Crawl Stone Soup version 0.18.1-8-gdd0e5ea (webtiles) character file.

83 richardnixon the Ruffian (level 4, -3/35 HPs)
             Began as a Draconian Transmuter on May 24, 2016.
             Was an Initiate of Cheibriados.
             Slain by a black bear (4 damage)
             ... on level 3 of the Dungeon.
             The game lasted 00:04:50 (2555 turns).

richardnixon the Ruffian (Draconian Transmuter)     Turns: 2555, Time: 00:04:50

Health: -3/35      AC:  6    Str: 14    XL:     4   Next: 22%
Magic:  7/7        EV: 12    Int: 14    God:    Cheibriados [......]
Gold:   114        SH:  0    Dex: 13    Spells: 3 memorised, 1 level left

rFire  . . .     SeeInvis .     u - +0 blowgun
rCold  . . .     Gourm    .     (armour unavailable)
rNeg   . . .     Faith    .     (no shield)
rPois  .         Spirit   .     (helmet restricted)
rElec  .         Dismiss  .     g - +0 cloak
rCorr  .         Reflect  .     (no gloves)
SustAt .         Harm     .     (no boots)
MR     .....                    (no amulet)
Stlth  +.........               (no ring)
                                (no ring)

@: very slow, not resistant to hostile enchantments, very unstealthy
A: unfitting armour, cold-blooded, AC +5
a: Bend Time, Renounce Religion


You were on level 3 of the Dungeon.
You worshipped Cheibriados.
Cheibriados was noncommittal.
You were not hungry.

You visited 1 branch of the dungeon, and saw 3 of its levels.

You collected 114 gold pieces.

Inventory:

Hand Weapons
 u - a +0 blowgun (weapon)
Missiles
 a - 64 arrows
 v - 18 poisoned needles (quivered)
Armour
 g - a +0 cloak (worn)
Wands
 j - a wand of lightning (3/15)
Scrolls
 d - a scroll of teleportation {unknown}
 e - a scroll of noise {unknown}
 f - a scroll of fog {unknown}
 i - a scroll of fear {unknown}
 n - 2 scrolls of amnesia {unknown}
 p - a scroll of blinking {unknown}
 r - a scroll of enchant weapon {unknown}
 s - 2 scrolls of identify {unknown}
Potions
 h - a potion of berserk rage {unknown}
 k - a potion of heal wounds {unknown}
 l - a potion of flight {unknown}
 m - 2 potions of curing {unknown}
 o - 2 potions of agility {unknown}
 q - a potion of resistance {unknown}
Books
 b - a book of Changes

   Spells                             Type                      Level
   a - Beastly Appendage              Transmutation                1
   b - Sticks to Snakes               Transmutation                2
   c - Spider Form                    Transmutation/Poison         3
   d - Ice Form                       Ice/Transmutation            4
   e - Blade Hands                    Transmutation                5
Comestibles
 c - 3 bread rations


   Skills:
 - Level 1.1 Fighting
 - Level 1.7 Dodging
 + Level 5.1 Unarmed Combat
 - Level 2.0 Spellcasting
 - Level 2.0 Transmutations


You had one spell level left.
You knew the following spells:

 Your Spells              Type           Power        Failure   Level  Hunger
a - Beastly Appendage     Trmt           #.....       12%         1    ##.....
b - Sticks to Snakes      Trmt           #.......     17%         2    ###....
c - Spider Form           Trmt/Pois      #.........   47%         3    ####...


Dungeon Overview and Level Annotations

Branches:
Dungeon (3/15)

Altars:
Cheibriados
Nemelex Xobeh
The Shining One


Innate Abilities, Weirdness & Mutations

Your plain brown scales are hard (AC +5).
Your body does not fit into most forms of armour.
You are cold-blooded and may be slowed by cold attacks.


Message History

The black bear bites you!
* * * LOW HITPOINT WARNING * * *
The black bear claws you but does no damage. x2
The black bear barely misses you.
The black bear claws you but does no damage. x2
A quokka and a goblin come into view.
The goblin shouts!
The black bear closely misses you. The black bear claws you.
* * * LOW HITPOINT WARNING * * *
The black bear claws you.
* * * LOW HITPOINT WARNING * * *
Really attack while wielding your +0 blowgun?
Okay, then.
The black bear completely misses you.
The black bear claws you but does no damage.
The black bear completely misses you. The black bear barely misses you.
The black bear claws you.
* * * LOW HITPOINT WARNING * * *
The black bear claws you.
You die...

#.........## ##.....##
#.###)....#####.......#
# #.#.....r.#.......#
#........##.......#
........##..##.....##
#####....#.####...##
##.#.#.#####'#######+##
#. .#gh.......(......(
#. .#@##..............
#. #.##..............
#.#####'#######+## .>#
##...## ..###.....##
..###.......# .#
#.......# #. #...(...#
##.....##


You could see a black bear, a quokka and a goblin.

Vanquished Creatures
  An adder (D:3)
  An ooze (D:3)
  An adder skeleton (D:3)
  A worm (D:3)
  2 dart slugs
  3 giant geckos (D:1)
  3 ball pythons
  4 bats
  8 goblins
  9 hobgoblins
  3 jackals (D:2)
  A quokka (D:3)
  7 giant newts
  4 kobolds
  7 rats
55 creatures vanquished.

Notes
Turn   | Place    | Note
--------------------------------------------------------------
     0 | D:1      | richardnixon the Draconian Transmuter began the quest for the Orb.
     0 | D:1      | Reached XP level 1. HP: 16/16 MP: 3/3
   239 | D:1      | Reached XP level 2. HP: 22/23 MP: 3/5
   507 | D:1      | Reached skill level 4 in Unarmed Combat
   968 | D:1      | Reached XP level 3. HP: 28/28 MP: 4/6
  1491 | D:2      | Found a faded altar to an unknown god.
  1587 | D:2      | Found a glowing golden altar of the Shining One.
  1593 | D:2      | Found a sparkling altar of Nemelex Xobeh.
  1875 | D:2      | Learned a level 2 spell: Sticks to Snakes
  1879 | D:2      | Learned a level 3 spell: Spider Form
  2181 | D:3      | Found a snail-covered altar of Cheibriados.
  2233 | D:3      | Became a worshipper of Cheibriados the Contemplative
  2272 | D:3      | Reached XP level 4. HP: 33/35 MP: 5/7
  2276 | D:3      | Reached skill level 5 in Unarmed Combat
  2523 | D:3      | Noticed a black bear
  2555 | D:3      | HP: 1/35 [black bear (2)]
  2555 | D:3      | Slain by a black bear

Skill      XL: |  1  2  3  4 |
---------------+-------------+-----
Unarmed Combat | 4 5 |  5.1
Fighting       | |  1.1
Dodging        | |  1.7
Spellcasting   | |  2.0
Transmutations | |  2.0

Action                   |  1- 3 |  4- 6 || total
-------------------------+-------+-------++-------
Melee: Unarmed           |   144 |    15 ||   159
       Tailslap          |    15 |       ||    15
       Kick              |    13 |     2 ||    15
       Punch             |     3 |       ||     3
       Headbutt          |     6 |       ||     6
 Fire: Blowgun           |       |     5 ||     5
 Cast: Beastly Appendage |    29 |     3 ||    32
 Stab: Sleeping          |       |     1 ||     1
  Eat: Chunk             |     4 |     2 ||     6
Armor: Skin              |    41 |    13 ||    54
Dodge: Dodged            |    77 |    32 ||   109
